 Dungeon Crawl Stone Soup version 0.27.1-2-g3b301248ec (webtiles) character file.

Game seed: 13393256810353654702

158 Metae the Shield-Bearer (level 5, -3/33 HPs)
             Began as a Gargoyle Fighter on Sept 24, 2021.
             Slain by a gnoll (4 damage)
             ... on level 3 of the Dungeon.
             The game lasted 00:12:36 (4973 turns).

Metae the Shield-Bearer (Gargoyle Fighter)          Turns: 4973, Time: 00:12:37

Health: -3/33      AC: 15    Str: 20    XL:     5   Next: 39%
Magic:  5/5        EV:  5    Int:  9    God:
Gold:   121        SH:  9    Dex:  9    Spells: 4/4 levels left

rFire    . . .     SeeInvis .   a - +0 flail
rCold    . . .     Faith    .   c - +0 kite shield
rNeg     + . .     Spirit   .   k - +0 chain mail
rPois    ∞         Reflect  .   e - +1 hat
rElec    +         Harm     .   (no cloak)
rCorr    .         Rampage  .   (no gloves)
Will     .....                  j - +0 pair of boots
Stlth    ..........             (no amulet)
HPRegen  0.11/turn              (no ring)
MPRegen  0.09/turn              (no ring)

@: no status effects
A: sickness immunity, AC +4, negative energy resistance 1, electricity
resistance, torment resistance 1, petrification resistance
a: no special abilities


You were on level 3 of the Dungeon.
You visited 1 branch of the dungeon, and saw 3 of its levels.

You collected 121 gold pieces.

Inventory:

Hand Weapons
 a - a +0 flail (weapon)
Missiles
 o - a throwing net (quivered)
Armour
 b - a +0 scale mail
 c - a +0 kite shield (worn)
 e - a +1 hat (worn)
 j - a +0 pair of boots (worn)
 k - a +0 chain mail (worn)
Scrolls
 f - a scroll of fog {unknown}
 g - a scroll of immolation {unknown}
 m - a scroll of holy word {unknown}
 n - a scroll of identify {unknown}
Potions
 d - a potion of might
 h - a potion of mutation {unknown}
 i - 2 potions of lignification {unknown}
 l - 2 potions of brilliance {unknown}
 p - 2 potions of haste {unknown}


   Skills:
 + Level 4.3 Fighting
 + Level 3.1 Maces & Flails
 + Level 4.2 Armour
 + Level 4.3 Shields


You had 4 spell levels left.
You didn't know any spells.
Your spell library contained the following spells:

 Spells                   Type           Power      Damage    Failure   Level
 Apportation              Tloc           0%         N/A       100%        1
 Sandblast                Erth           0%         2d4       100%        1
 Passwall                 Tmut/Erth      0%         N/A       100%        2
 Alistair's Intoxication  Tmut/Pois      0%         N/A       100%        5
 Lee's Rapid Deconstruct  Erth           0%         3d5*      100%        5
 Invisibility             Hex            0%         N/A       100%        6


Dungeon Overview and Level Annotations

Branches:
Dungeon (3/15)

Altars:

Shops:
D:1 *


Innate Abilities, Weirdness & Mutations

You are immune to sickness and miasma.
Your stone body is resilient. (AC +4)
You are immune to poison.
You resist negative energy. (rN+)
You are resistant to electric shocks. (rElec)
You are resistant to unholy torment.
You are immune to petrification.


Message History

You barely miss the jackal. You block the jackal's attack.
The jackal barely misses you.
You thump the jackal!
You kill the jackal!
Things that are here:
a jackal corpse; a ball python corpse
Things that are here:
a jackal corpse; a ball python corpse
Things that are here:
a jackal corpse; a ball python corpse
Found a black potion.
l - 2 puce potions (gained 1)
Found an escape hatch in the floor.
p - 2 black potions (gained 1)
A gnoll is nearby!
The gnoll shouts!
The gnoll shouts!
A gnoll comes into view. It is wielding a +0 spear.
The gnoll shouts!
You block the gnoll's attack. The gnoll barely misses you.
You block the gnoll's attack.
You sock the gnoll!
The gnoll is heavily wounded.
The gnoll hits you with a +0 halberd. The gnoll hits you but does no damage.
The gnoll hits you with a +0 halberd.
You hit the gnoll but do no damage.
The gnoll is heavily wounded.
The gnoll hits you from afar with a +0 spear!
You block the gnoll's attack. x2
Your chain mail prevents you from hitting the gnoll.
The gnoll is heavily wounded.
The gnoll hits you with a +0 halberd! The gnoll hits you but does no damage.
The gnoll hits you with a +0 halberd!
* * * LOW HITPOINT WARNING * * *
You hit the gnoll.
The gnoll is almost dead.
The gnoll hits you from afar with a +0 spear.
* * * LOW HITPOINT WARNING * * *
The gnoll hits you with a +0 halberd.
You die...

..####..##.###......##......##...
...####.....................##.##
.<......).......#.####...........
..#####)...###....# ######.##.##
........##.######.## #..#.#
..............# #g.. ##...#
######...>....###g#..# #..# #
#........##g.##.# ..#
######).......##@## ..# .#
.##...........##.# ..
...............#.###...
....##......(...........
.#####........#..###.... ##
#........#### .. # #.......... #
###########. #


You could see 3 gnolls.

Vanquished Creatures
  An orc priest (D:3)
  Jessica (D:2)
  3 gnolls
  3 worms
  A dart slug (D:2)
  3 orcs (D:2)
  4 ball pythons
  4 endoplasms
  2 giant cockroaches (D:2)
  6 hobgoblins
  4 jackals
  4 kobolds
  3 quokkas (D:2)
  7 bats
  4 frilled lizards
  4 goblins
  5 rats
59 creatures vanquished.

Notes
Turn   | Place    | Note
-------+----------+-------------------------------------------
     0 | D:1      | Metae the Gargoyle Fighter began the quest for the Orb.
     0 | D:1      | Reached XP level 1. HP: 14/14 MP: 1/1
   504 | D:1      | Reached XP level 2. HP: 19/19 MP: 2/2
  1062 | D:1      | Found Maihaqe's General Store.
  1338 | D:2      | Reached XP level 3. HP: 18/23 MP: 3/3
  1428 | D:2      | Found a faded altar of an unknown god.
  2501 | D:2      | Reached XP level 4. HP: 15/29 MP: 4/4
  3369 | D:3      | Noticed Jessica
  4142 | D:2      | Killed Jessica
  4337 | D:2      | Reached XP level 5. HP: 33/33 MP: 5/5
  4973 | D:3      | HP: 1/33 [gnoll (2)]
  4973 | D:3      | Slain by a gnoll

Illustrated notes

Levels and vault maps discovered:
D:1:      nzn_arrival_water_spiral, layout_basic, serial_shops, shop
D:2:      layout_basic, hellmonk_ecumenical_altar_inner_sanctum
D:3:      layout_rooms, serial_shops, nicolae_lakefront_shop, uniq_jessica

Skill      XL: |  1  2  3  4 |
---------------+-------------+-----
Shields        | 4 |  4.3
Fighting       | 4 |  4.3
Armour         | 4 |  4.2
Maces & Flails | 3 |  3.1

Action                   |  1- 3 |  4- 6 || total
-------------------------+-------+-------++-------
Melee: Flail             |   103 |   131 ||   234
Armor: Scale mail        |    91 |    64 ||   155
       Chain mail        |       |    37 ||    37
Dodge: Dodged            |    51 |    47 ||    98
Block: Kite shield       |    78 |    93 ||   171
